 Dungeon Crawl Stone Soup version 0.22.1-2-g9c5b331 (webtiles) character file.

143 empire the Slasher (level 5, -6/46 HPs)
             Began as a Minotaur Fighter on Nov 19, 2018.
             Mangled by an ogre
             ... wielding a +0 giant club
              (10 damage)
             ... on level 5 of the Dungeon.
             The game lasted 00:04:00 (1542 turns).

empire the Slasher (Minotaur Fighter)               Turns: 1542, Time: 00:04:01

Health: -6/46      AC:  9    Str: 22    XL:     5   Next: 4%
Magic:  4/4        EV:  5    Int:  5    God:
Gold:   153        SH:  9    Dex:  9    Spells: 4/4 levels left

rFire    . . .     SeeInvis .   a - +0 long sword
rCold    . . .     Gourm    +   c - +0 shield
rNeg     . . .     Faith    .   t - +0 chain mail
rPois    .         Spirit   .   (helmet restricted)
rElec    .         Reflect  .   (no cloak)
rCorr    .         Harm     .   (no gloves)
MR       .....                  (no boots)
Stlth    ..........             i - amulet of the gourmand
HPRegen  0.15/turn              l - ring of flight
MPRegen  0.09/turn              (no ring)

@: no status effects
A: retaliatory headbutt, horns 2
a: Evoke Flight


You were on level 5 of the Dungeon.
You were completely stuffed.

You visited 1 branch of the dungeon, and saw 4 of its levels.

You collected 153 gold pieces.

Inventory:

Hand Weapons
 a - a +0 long sword (weapon)
Armour
 c - a +0 shield (worn)
 t - a +0 chain mail (worn)
Jewellery
 i - an amulet of the gourmand (around neck)
 l - a ring of flight (left hand)
Scrolls
 g - a scroll of enchant weapon {unknown}
 h - 2 scrolls of remove curse {unknown}
 j - 2 scrolls of teleportation {unknown}
 k - a scroll of magic mapping {unknown}
 n - a scroll of identify {unknown}
Potions
 d - a potion of might
 e - a potion of mutation {unknown}
 m - 2 potions of degeneration {unknown}
 o - 2 potions of berserk rage {unknown}
 p - a potion of brilliance {unknown}
 q - a potion of magic
 s - a potion of lignification {unknown}
Comestibles
 f - 6 rations


   Skills:
 - Level 4.0 Fighting
 * Level 5.7 Long Blades
 - Level 4.0 Armour
 - Level 4.0 Shields


You had 4 spell levels left.
You didn't know any spells.
Your spell library was empty.

Dungeon Overview and Level Annotations

Branches:
Dungeon (3/15)

Altars:
Ashenzari
Fedhas
Ru
Wu Jian


Innate Abilities, Weirdness & Mutations

You reflexively headbutt those who attack you in melee.
You have a pair of horns on your head.


Message History

This raw flesh tastes great.
There is a stone staircase leading up here.
Some of the chunks of flesh in your inventory have rotted away.
You fall through a shaft for 2 floors!
The shaft crumbles and collapses.
Found a sacrificial altar of Ru.
Found 31 arrows.
All of the chunks of flesh in your inventory have rotted away.
An ogre comes into view. It is wielding a giant club.
Found an escape hatch in the ceiling.
You barely miss the ogre. The ogre hits you with a giant club!!
Ouch! That really hurt!
You closely miss the ogre. The ogre hits you with a giant club!
* * * LOW HITPOINT WARNING * * *
You slash the ogre! You headbutt the ogre.
The ogre is moderately wounded.
Unknown command.
It was a potion of magic.
Magic courses through your body. The ogre hits you with a giant club!
You die...

######. ##..#..#
#......# #####......#
#..........#
.#####.#### #.....#
### #.....### ###.###
#..##...# #..@O.#
#..#....###..##.....#
......_......## <..##
#####....#..#.# ..#
#...##..### ..#
###.....# #. #...(.#
#.##### #.


You could see an ogre.

Vanquished Creatures
  An orc priest (D:3)
  4 adders (D:3)
  2 worms (D:2)
  5 dart slugs
  6 orcs (D:3)
  2 giant cockroaches (D:2)
  3 goblins
  6 hobgoblins
  2 jackals (D:1)
  2 quokkas
  8 bats
  6 frilled lizards
  6 kobolds
  A quokka skeleton (D:2)
  8 rats
62 creatures vanquished.

Notes
Turn   | Place    | Note
-------+----------+-------------------------------------------
     0 | D:1      | empire the Minotaur Fighter began the quest for the Orb.
     0 | D:1      | Reached XP level 1. HP: 19/19 MP: 0/0
    26 | D:1      | Reached skill level 3 in Long Blades
   105 | D:1      | Reached XP level 2. HP: 27/27 MP: 1/1
   512 | D:2      | Reached XP level 3. HP: 33/33 MP: 2/2
   538 | D:2      | Found an ornate altar of the Wu Jian Council.
   676 | D:2      | Found a shattered altar of Ashenzari.
   759 | D:2      | Reached skill level 4 in Long Blades
   833 | D:2      | Found a blossoming altar of Fedhas.
  1101 | D:3      | Reached XP level 4. HP: 40/40 MP: 3/3
  1107 | D:3      | Reached skill level 5 in Long Blades
  1305 | D:3      | Reached XP level 5. HP: 21/46 MP: 4/4
  1525 | D:3      | You fall through a shaft for 2 floors!
  1525 | D:5      | Entered Level 5 of the Dungeon
  1527 | D:5      | Found a sacrificial altar of Ru.
  1537 | D:5      | Noticed an ogre
  1542 | D:5      | Mangled by an ogre

Skill      XL: |  1  2  3  4 |
---------------+-------------+-----
Long Blades    | 3 4 5 |  5.7
Armour         | 4 |  4.0
Fighting       | 4 |  4.0
Shields        | 4 |  4.0

Action                   |  1- 3 |  4- 6 || total
-------------------------+-------+-------++-------
Melee: Long sword        |    84 |    56 ||   140
       Headbutt          |    17 |    11 ||    28
  Use: Potion            |       |     1 ||     1
  Eat: Chunk             |    10 |     3 ||    13
Armor: Scale mail        |    37 |    15 ||    52
Dodge: Dodged            |    20 |    18 ||    38
Block: Shield            |    34 |    23 ||    57
       Rpst.: Long sword |     4 |     2 ||     6
